 Dungeon Crawl Stone Soup version 0.28.0-53-g5a82cb258f (webtiles) character file.

Game seed: 4869913451293079706

14 Jerry the Cudgeller (level 2, 29/29 HPs)
             Began as a Troll Monk on June 23, 2022.
             Was a Believer of Trog.
             Quit the game on level 2 of the Dungeon.
             The game lasted 00:02:35 (652 turns).

Jerry the Cudgeller (Troll Monk)                     Turns: 652, Time: 00:02:36

Health: 29/29      AC:  4    Str: 18    XL:     2   Next: 27%
Magic:  1/1        EV: 10    Int:  6    God:    Trog [**....]
Gold:   40         SH:  0    Dex: 12    Spells: 1/1 levels left

rFire   . . .      SeeInvis .   a - +0 mace
rCold   . . .      Faith    .   (no shield)
rNeg    . . .      Spirit   .   b - +0 robe
rPois   .          Reflect  .   (helmet restricted)
rElec   .          Harm     .   (no cloak)
rCorr   .          Rampage  .   (gloves unavailable)
Will    .....                   (boots unavailable)
Stlth   ++........              (no amulet)
HPRegen 0.89/turn               (no ring)
MPRegen 0.07/turn               (no ring)

@: no status effects
A: large, unfitting armour, claws 3, regeneration 1, shaggy fur 1, tough skin 1
a: Renounce Religion, Berserk, Trog's Hand


You were on level 2 of the Dungeon.
You worshipped Trog.
Trog was pleased with you.
You visited 1 branch of the dungeon, and saw 2 of its levels.

You collected 40 gold pieces.

Inventory:

Hand Weapons
 a - a +0 mace (weapon)
Armour
 b - a +0 robe (worn)
Scrolls
 c - 3 scrolls of noise {unknown}
 e - a scroll of identify {unknown}
 f - a scroll of vulnerability {unknown}
Potions
 d - a potion of heal wounds {unknown}


   Skills:
 + Level 2.6 Fighting
 * Level 2.9 Maces & Flails
 + Level 2.6 Dodging
 - Level 1.0 Stealth


You had one spell level left.
You didn't know any spells.
Your spell library contained the following spells:

 Spells                   Type           Power      Damage    Failure   Level
 Shock                    Conj/Air       0%         1d3       45%         1
 Swiftness                Air            0%         N/A       83%         3
 Airstrike                Air            0%         N/A       99%         4


Dungeon Overview and Level Annotations

Branches:
Dungeon (2/15)

Altars:
Trog

Shops:
D:1 :!:?=


Innate Abilities, Weirdness & Mutations

You are too large for most types of armour.
You have claws for hands.
Your natural rate of healing is unusually fast.
You are covered in fur. (AC +1)
You have tough skin. (AC +1)


Message History

The slug dart hits you. The hobgoblin barely misses you.
You closely miss the hobgoblin. The hobgoblin barely misses you.
The dart slug launches a dart at you. The slug dart hits you.
You hit the hobgoblin but do no damage. You claw the hobgoblin.
The hobgoblin is heavily wounded.
The hobgoblin hits you but does no damage.
You hit the hobgoblin.
You kill the hobgoblin!
Trog accepts your kill. The dart slug bites you.
You hit the dart slug.
The dart slug is moderately wounded.
The dart slug bites you.
You sock the dart slug!
You kill the dart slug!
Trog accepts your kill.
No target in view!
No target in view!
No target in view!
No target in view!
No target in view!
No target in view!
No target in view!
No target in view!
No target in view!
No target in view!
No target in view!
No target in view!
No target in view!
No target in view!
No target in view!
Unknown command.
An adder comes into view.
You throw a throwing net. The throwing net hits the adder.
The adder is caught in the net!
The adder hisses angrily.
The adder struggles against the net.
Are you sure you want to abandon this character and quit the game? (Confirm with "yes".)

#........#
#........# .
#........# ..
#....†...# ..^
#........###.
S...###............
..........#########
...............<#
.$.....@..#######
#######...###
#........#
#........#
#........#
#........#
#........#
#........#
##########


You could see an adder (caught).

Vanquished Creatures
  A dart slug (D:2)
  An endoplasm (D:1)
  2 hobgoblins
  A quokka (D:1)
  3 ball pythons (D:1)
  A bat (D:1)
  A frilled lizard (D:1)
  A kobold (D:1)
  2 rats (D:1)
13 creatures vanquished.

Notes
Turn   | Place    | Note
-------+----------+-------------------------------------------
     0 | D:1      | Jerry the Troll Monk began the quest for the Orb.
     0 | D:1      | Reached XP level 1. HP: 22/22 MP: 0/0
    14 | D:1      | Found Aher's Distillery.
    69 | D:1      | Found Qodocai's Book Boutique.
   151 | D:1      | Found Equtel's Book Shoppe.
   227 | D:1      | Found Plog's Jewellery Shoppe.
   289 | D:1      | Found Qaukkem's Magic Scroll Shop.
   501 | D:1      | Found a faded altar of an unknown god.
   530 | D:1      | Prayed at the altar of an unknown god.
   530 | D:1      | Became a worshipper of Trog the Wrathful
   530 | D:1      | Reached * piety under Trog
   530 | D:1      | Reached ** piety under Trog
   539 | D:1      | Reached XP level 2. HP: 26/29 MP: 1/1
   652 | D:2      | Quit the game

Illustrated notes

Levels and vault maps discovered:
D:1:      minmay_arrival_four_houses, layout_loops_ring, serial_shops,
          nicolae_shop_waterfront, nicolae_shop_waterfront,
          nicolae_shop_hallway_plus, shop_scrolls, shop,
          hellmonk_ecumenical_altar_crossroads
D:2:      layout_basic, minmay_pentomino_t4

Action                   || total
-------------------------++-------
Melee: Mace              ||    39
       Punch             ||     3
Throw: Throwing net      ||     1
Armor: Robe              ||    16
Dodge: Dodged            ||    20
